 Dungeon Crawl Stone Soup version 0.19-a0-1065-gdac414d (webtiles) character file.

560 4thArraOfDagon the Chopper (level 6, -3/48 HPs)
             Began as a Demigod Gladiator on Aug 3, 2016.
             Splashed by a jelly's acid (9 damage)
             ... on level 7 of the Dungeon.
             The game lasted 00:08:29 (1565 turns).

4thArraOfDagon the Chopper (Demigod Gladiator)      Turns: 1565, Time: 00:08:29

Health: -3/48      AC:  5    Str: 20    XL:     6   Next: 83%
Magic:  8/8        EV: 13    Int: 18    God:
Gold:   39         SH:  0    Dex: 16    Spells: 0 memorised, 5 levels left

rFire  + . .     SeeInvis .     a - +0 war axe
rCold  . . .     Gourm    .     b - +0 leather armour
rNeg   . . .     Faith    .     (no shield)
rPois  .         Spirit   .     c - +0 helmet
rElec  .         Dismiss  .     (no cloak)
rCorr  .         Reflect  .     (no gloves)
SustAt +         Harm     .     o - +0 pair of boots
MR     .....                    (no amulet)
Stlth  +.........               r - ring of Lerucon {+Fly rF+}
                                s - +4 ring of intelligence

@:
A: high mp 1, mutation resistance 1, slow regeneration 1, sustain attributes
a: Evoke Flight


You were on level 7 of the Dungeon.
You were not hungry.

You visited 1 branch of the dungeon, and saw 8 of its levels.

You collected 159 gold pieces.
You spent 120 gold pieces at shops.

Inventory:

Hand Weapons
 a - a +0 war axe (weapon)
Armour
 b - a +0 leather armour (worn)
 c - a +0 helmet (worn)
 d - a steam dragon hide
 o - a +0 pair of boots (worn)
Jewellery
 k - an uncursed ring of flight
 r - the ring of Lerucon (right hand) {+Fly rF+}
   (You found it on level 4 of the Dungeon)

   [ring of flight]

   It protects you from fire.
   It lets you fly.
 s - a +4 ring of intelligence (left hand)
Wands
 p - a wand of iceblast (4/15)
Scrolls
 h - 2 scrolls of remove curse
 i - a scroll of amnesia
 m - a scroll of identify
 n - 4 scrolls of enchant weapon
 t - a scroll of fog
 u - a scroll of recharging
Potions
 e - a potion of might
 g - a potion of curing
 l - a potion of degeneration
 w - a potion of brilliance
 x - 2 potions of magic
 z - a potion of heal wounds {unknown}
Comestibles
 f - 2 bread rations
 j - 3 meat rations
 q - a slice of pizza
 v - 3 chunks of flesh


   Skills:
 - Level 1.7 Fighting
 * Level 6.3 Axes
 - Level 1.7 Throwing
 + Level 3.6 Armour
 - Level 2.6 Dodging
 * Level 0.0 Evocations


You had 5 spell levels left.
You didn't know any spells.

Dungeon Overview and Level Annotations

Branches:
Dungeon (8/15)
 Temple: D:4-7         Lair: D:8-11

Shops:
D:6 !%:

Annotations:
D:5 Situis's ghost, amateur MiFi


Innate Abilities, Weirdness & Mutations

You have an increased reservoir of magic. (+10% MP)
Your attributes are resistant to harm.
You are somewhat resistant to further mutation.
You regenerate slowly when monsters are visible.


Message History

Unknown command.
The wyvern skeleton misses you.
Found 24 arrows.
Unknown command.
The wyvern skeleton bites you.
Unknown command.
There is a stone staircase leading up here.
Unknown command.
The wyvern skeleton bites you!
* * * LOW HITPOINT WARNING * * *
The jelly completely misses you.
The wyvern skeleton bites you but does no damage.
You climb upwards.
There is a stone staircase leading down here.
Unknown command.
Unknown command.
You feel better. The jelly hits you.
* * * LOW HITPOINT WARNING * * *
You are splashed with acid!
The acid burns!
You die...

... #..#
#... ...
#.. #..
#.####.#
#J@....#
#####.....
... .


You could see a jelly.

Vanquished Creatures
  An ogre (D:5)
  A howler monkey (D:6)
  A jelly (D:5)
  A hound (D:5)
  7 orc wizards
  2 orc priests (D:5)
  2 worker ants
  2 adders
  An ooze (D:8)
  A worm (D:2)
  2 dart slugs
  3 giant geckos
  5 orcs
  2 bats
  A giant cockroach (D:3)
  A goblin (D:2)
  3 hobgoblins
  7 jackals
  3 giant newts (D:2)
  A kobold (D:1)
  3 rats
50 creatures vanquished.

Notes
Turn   | Place    | Note
-------+----------+-------------------------------------------
     0 | D:1      | 4thArraOfDagon the Demigod Gladiator began the quest for the Orb.
     0 | D:1      | Reached XP level 1. HP: 17/17 MP: 3/3
    69 | D:1      | Reached skill level 3 in Axes
   112 | D:2      | Reached XP level 2. HP: 19/24 MP: 4/4
   201 | D:2      | Found a blossoming altar of Fedhas.
   268 | D:2      | Reached skill level 1 in Armour
   563 | D:3      | Gained mutation: You are somewhat resistant to further mutation. [potion of mutation]
   563 | D:3      | Gained mutation: You regenerate slowly when monsters are visible. [potion of mutation]
   570 | D:3      | Reached XP level 3. HP: 18/29 MP: 5/5
   577 | D:3      | Reached skill level 4 in Axes
   774 | D:4      | Got a twitching brass ring
   777 | D:4      | Identified the ring of Lerucon {+Fly rF+} (You found it on level 4 of the Dungeon)
   887 | D:5      | Entered Level 5 of the Dungeon
   888 | D:5      | Noticed Situis's ghost (amateur MiFi)
   915 | D:5      | Reached XP level 4. HP: 27/36 MP: 6/6
   926 | D:4      | Noticed a phantom
   986 | D:5      | Reached XP level 5. HP: 24/41 MP: 7/7
   991 | D:5      | Reached skill level 5 in Axes
  1050 | D:5      | Noticed an ice beast
  1130 | D:5      | HP: 2/41 [giant gecko (4)]
  1140 | D:5      | HP: 2/41 [giant gecko (1)]
  1362 | D:6      | Found Guicam's Book Shop.
  1367 | D:6      | Found a snail-covered altar of Cheibriados.
  1367 | D:6      | Found Onakeaff's Food Emporium.
  1390 | D:6      | Found Juseadwu's Distillery.
  1408 | D:6      | Bought a potion of might for 40 gold pieces
  1408 | D:6      | Bought a potion of might for 40 gold pieces
  1408 | D:6      | Bought a potion of curing for 30 gold pieces
  1408 | D:6      | Bought a potion of degeneration for 10 gold pieces
  1416 | D:5      | Noticed an ogre
  1422 | D:5      | Reached XP level 6. HP: 31/48 MP: 8/8
  1424 | D:5      | Reached skill level 6 in Axes
  1565 | D:7      | Splashed by a jelly's acid

Vault maps used:
D:1:      lemuel_arrival_muddy
D:2:      serial_bayou_pond_a, fedhas_altar_2
D:3:      uniq_grinder
D:4:      first_bread
D:6:      kennysheep_slug_shrine, serial_shops, shop, shop, shop, shop
D:7:      grunt_ogre_cave, xom_teletrap_fun
D:8:      eino_curves_02

Skill      XL: |  1  2  3  4  5  6 |
---------------+-------------------+-----
Axes           | 3 4 5 6 |  6.3
Armour         | 1 2 3 |  3.6
Fighting       | |  1.7
Throwing       | |  1.7
Dodging        | |  2.6

Action                   |  1- 3 |  4- 6 || total
-------------------------+-------+-------++-------
Melee: War axe           |    87 |    36 ||   123
Throw: Throwing net      |       |     3 ||     3
Evoke: Wand              |       |    11 ||    11
  Use: Potion            |     4 |     2 ||     6
       Scroll            |     3 |     6 ||     9
 Stab: Sleeping          |     1 |       ||     1
  Eat: Beef jerky        |       |     1 ||     1
       Chunk             |       |     1 ||     1
Armor: Leather armour    |    37 |    13 ||    50
Dodge: Dodged            |    75 |    27 ||   102
